 Dungeon Crawl Stone Soup version 0.32-a0-484-g2eb335deba (webtiles) character file.

Game seed: 14420094618699510266

107 mopl the Apothecary (level 4, -4/27 HPs)
             Began as an Octopode Alchemist on Feb 26, 2024.
             Slain by a gnoll
             ... wielding a +0 halberd
              (10 damage)
             ... on level 3 of the Dungeon.
             The game lasted 00:02:17 (1509 turns).

mopl the Apothecary (Octopode Alchemist)            Turns: 1509, Time: 00:02:19

Health: -4/27      AC:  1    Str:  7    XL:     4   Next: 85%
Magic:  6/17       EV: 13    Int: 19    God:
Gold:   40         SH:  0    Dex: 12    Spells: 0/9 levels left

rFire   . . .        (no weapon)
rCold   . . .        (no shield)
rNeg    . . .        (helmet restricted)
rPois   .            (no amulet)
rElec   .            e - ring of magical power
rCorr   .            (no ring)
SInv    .            (no ring)
Will    .....        (no ring)
Stlth   +++          (no ring)
HPRegen 0.24/turn    (no ring)
MPRegen 0.15/turn    (no ring)
                     (no ring)

%: no passive effects
@: lethally poisoned (-4 -> -17), radiating poison, very slightly contaminated
A: almost no armour, amphibious, 8 rings, camouflage 1, gelatinous body 1,
(nimble swimmer 1), tentacles
a: no special abilities


You were on level 3 of the Dungeon.
You visited 1 branch of the dungeon, and saw 3 of its levels.

You collected 40 gold pieces.

Inventory:

Missiles
 g - 8 poisoned darts
 j - 6 boomerangs
Armour
 m - a +0 kite shield
Jewellery
 e - a ring of magical power (left tentacle)
Scrolls
 b - 3 scrolls of identify {unknown}
 f - a scroll of revelation {unknown}
 h - a scroll of teleportation {unknown}
 k - a scroll of enchant weapon {unknown}
 l - a scroll of blinking {unknown}
 n - a scroll of enchant armour {unknown}
Potions
 a - a potion of magic
 c - 3 potions of curing {unknown}
 d - a potion of heal wounds {unknown}
 i - a potion of cancellation {unknown}
 o - a potion of enlightenment {unknown}


   Skills:
 - Level 2.0 Dodging
 - Level 2.6 Stealth
 + Level 3.1 Spellcasting
 + Level 2.6 Conjurations
 + Level 4.3 Alchemy


You couldn't memorise any spells.
You knew the following spells:

 Your Spells              Type           Power      Damage    Failure   Level
a - Sting                 Conj/Alch      64%        1d7       3%          1
d - Sticky Flame          Fire/Alch      11%        2d5       52%         4
o - Olgreb's Toxic Radia  Alch           19%        N/A       26%         4

Your spell library contained the following spells:

 Spells                   Type           Power      Damage    Failure   Level
 Mercury Vapours          Alch/Air       22%        N/A       10%         2
 Mephitic Cloud           Conj/Alch/Air  11%        N/A       19%         3
 Freezing Cloud           Conj/Ice/Air   3%         6-21      96%         5


Dungeon Overview and Level Annotations

Branches:
Dungeon (3/15)

Altars:
Ashenzari
Nemelex Xobeh


Innate Abilities, Weirdness & Mutations

You cannot wear most types of armour.
You are amphibious.
You can wear up to eight rings at the same time.
Your skin changes colour to match your surroundings (Stealth+).
Your rubbery body absorbs attacks. (AC +1, EV +1)
((You are camouflaged when in or above water. (Stealth+)))
You have tentacles for arms and can constrict up to eight enemies at once.


Message History

Adjust which spell? b - Sticky Flame Adjust to which letter? d - Sticky Flame
Found a broken altar of Ashenzari.
You hear the slow rusting of a very distant drain.
A gnoll comes into view. It is wielding a +0 halberd.
Found a sparkling altar of Nemelex Xobeh. 2 gnolls come into view.
Casting: Sting (safe; 3% risk of failure)
Confirm with . or Enter, or press ? or * to list all spells.
You begin to radiate toxic energy.
The gnoll is poisoned.
The gnoll shouts!
The gnoll is poisoned. x2
Unknown command.
The gnoll looks even sicker.
Your toxic aura wanes.
A bat comes into view.
Casting: Olgreb's Toxic Radiance (astonishingly dangerous; 26% risk of failure)
Confirm with . or Enter, or press ? or * to list all spells.
You miscast Olgreb's Toxic Radiance.
You are very lightly contaminated with residual magic.
You are engulfed in toxic fumes.
You are lethally poisoned!
You feel very sick.
Casting: Olgreb's Toxic Radiance (astonishingly dangerous; 26% risk of failure)
Confirm with . or Enter, or press ? or * to list all spells.
You begin to radiate toxic energy.
The bat is poisoned.
The gnoll is poisoned.
The gnoll looks even sicker.
The gnoll looks as sick as possible!
You feel very sick.
The gnoll hits you from afar with a +0 halberd!
The bat hits you but does no damage.
Unknown command.
You kill the bat!
You kill the gnoll!
* * * LOW HITPOINT WARNING * * *
You feel very sick.
You kill the gnoll!
The gnoll attacks as it pursues you!
The gnoll hits you from afar with a +0 halberd!
You die...

#....#
#.#.## #.#.#
#.#.# #.##
#.#.#
#....###.#.#
.........#.#
...###.##.#
#..@.#
#..### #.g#
#..####
#)....#
#).##..#
..... .#
#...... #
#._.....


You could see a gnoll (poisoned).

Vanquished Creatures
  A bombardier beetle (D:2)
  Terence (D:2)
  2 gnolls (D:3)
  2 dart slugs (D:1)
  3 endoplasms
  A giant cockroach (D:1)
  A goblin (D:2)
  3 hobgoblins
  4 kobolds (D:1)
  6 quokkas
  8 ball pythons
  9 bats
  2 frilled lizards
  6 rats
49 creatures vanquished.

Notes
Turn   | Place    | Note
-------+----------+-------------------------------------------
     0 | D:1      | mopl the Octopode Alchemist began the quest for the Orb.
     0 | D:1      | Reached XP level 1. HP: 11/11 MP: 3/3
    62 | D:1      | Found a faded altar of an unknown god.
   136 | D:1      | Reached XP level 2. HP: 16/17 MP: 5/5
   384 | D:1      | Reached XP level 3. HP: 21/21 MP: 6/6
   965 | D:2      | Noticed Terence
   976 | D:2      | Killed Terence
   977 | D:2      | Reached skill level 2 in Conjurations
   977 | D:2      | Reached skill level 4 in Alchemy
   977 | D:2      | Reached XP level 4. HP: 14/27 MP: 8/8
   987 | D:2      | Learned a level 4 spell: Olgreb's Toxic Radiance
  1332 | D:2      | Reached skill level 3 in Spellcasting
  1472 | D:3      | Learned a level 4 spell: Sticky Flame
  1498 | D:3      | Found a broken altar of Ashenzari.
  1500 | D:3      | Found a sparkling altar of Nemelex Xobeh.
  1509 | D:3      | Slain by a gnoll

Illustrated notes

Levels and vault maps discovered:
D:1:      dpeg_arrival_concentric_ovals, layout_basic,
          shapermc_ecumenical_altar_mp_ritualfount
D:2:      layout_basic, hangedman_abyss_or_decor_stabs, kennysheep_nub,
          minmay_between, uniq_terence
D:3:      layout_loops_ring, old_standard_altar, grunt_temple_overflow_open,
          ebering_ghost_sewer_f, portal_sewer_entry_d, uniq_grinder

Skill      XL: |  1  2  3  4 |
---------------+-------------+-----
Conjurations   | 2 |  2.6
Alchemy        | 4 |  4.3
Spellcasting   | 3 |  3.1
Dodging        | |  2.0
Stealth        | |  2.6

Action                     |  1- 3 |  4- 6 || total
---------------------------+-------+-------++-------
  Melee: Unarmed           |    34 |     6 ||    40
         Tentacles         |    12 |       ||    12
         Constrict         |     9 |     2 ||    11
   Cast: Sting             |    47 |    28 ||    75
         Olgreb's Toxic Ra |       |     2 ||     2
 Armour: Skin              |    17 |    16 ||    33
  Dodge: Dodged            |    37 |    12 ||    49

Table legend: (Time is in decaauts)
 A = Elapsed time spent in this place.
 B = Non-inter-level travel time spent in this place.
 C = Inter-level travel time spent in this place.
 D = Time resting spent in this place.
 E = Time spent auto-exploring this place.
 F = Levels seen in this place.
 G = Mean time per level.
                   A        B        C        D        E       F      G
               +--------+--------+--------+--------+--------+-----+--------+
         Total |   1508 |   1482 |     26 |      0 |   1138 |   3 |  502.7 |
       Dungeon |   1508 |   1482 |     26 |      0 |   1138 |   3 |  502.7 |
               +--------+--------+--------+--------+--------+-----+--------+

Top non-repeatable levels by time:
     D:1: 917 daAuts
     D:2: 529 daAuts
     D:3: 60 daAuts
